 Dungeon Crawl Stone Soup version 0.28.0-62-gf88900778d (webtiles) character file.

Game seed: 3918715018618671620

23 cbfl8 the Skirmisher (level 3, 0/23 HPs)
             Began as a Gargoyle Berserker on Aug 15, 2023.
             Was a Follower of Trog.
             Slain by a jackal (2 damage)
             ... on level 1 of the Dungeon.
             The game lasted 00:00:35 (636 turns).

cbfl8 the Skirmisher (Gargoyle Berserker)            Turns: 636, Time: 00:00:35

Health: 0/23       AC:  5    Str: 20    XL:     3   Next: 0%
Magic:  3/3        EV: 12    Int:  7    God:    Trog [*.....]
Gold:   15         SH:  0    Dex: 11    Spells: 2/2 levels left

rFire   . . .      SeeInvis .   a - +0 mace
rCold   . . .      Faith    .   (no shield)
rNeg    + . .      Spirit   .   b - +0 animal skin
rPois   ∞          Reflect  .   (no helmet)
rElec   +          Harm     .   (no cloak)
rCorr   .          Rampage  .   (no gloves)
Will    .....                   (no boots)
Stlth   +.........              (no amulet)
HPRegen 0.07/turn               (no ring)
MPRegen 0.08/turn               (no ring)

@: weak-willed, on berserk cooldown, slowed, very slow
A: sickness immunity, AC +3, negative energy resistance 1, electricity
resistance, torment resistance 1, petrification resistance
a: Renounce Religion, Berserk


You were on level 1 of the Dungeon.
You worshipped Trog.
Trog was aware of your devotion.
You visited 1 branch of the dungeon, and saw 1 of its levels.

You collected 15 gold pieces.

Inventory:

Hand Weapons
 a - a +0 mace (weapon)
Armour
 b - a +0 animal skin (worn)
Potions
 c - a potion of curing {unknown}


   Skills:
 + Level 3.5 Fighting
 + Level 3.3 Maces & Flails
 + Level 2.5 Armour
 - Level 1.5 Dodging
 * Level 1.1 Evocations


You had 2 spell levels left.
You didn't know any spells.
Your spell library was empty.

Dungeon Overview and Level Annotations

Branches:
Dungeon (1/15)

Altars:


Innate Abilities, Weirdness & Mutations

You are immune to sickness and miasma.
Your stone body is resilient. (AC +3)
You are immune to poison.
You resist negative energy. (rN+)
You are resistant to electric shocks. (rElec)
You are resistant to unholy torment.
You are immune to petrification.


Message History

* * * LOW HITPOINT WARNING * * *
You closely miss the rat. The jackal closely misses you.
The jackal barely misses you.
The jackal bites you but does no damage.
The jackal bites you.
* * * LOW HITPOINT WARNING * * *
The rat bites you but does no damage.
Unknown command.
You hit the rat.
You kill the rat!
Trog accepts your kill.
The jackal bites you but does no damage.
The jackal completely misses you. The jackal closely misses you.
A frilled lizard comes into view.
The jackal completely misses you.
The jackal bites you but does no damage. x2
You have reached level 3!
Your experience leads to an increase in your attributes!
Increase (S)trength, (I)ntelligence, or (D)exterity?
You feel agile. x2
You miss the jackal.
The jackal is moderately wounded.
The frilled lizard hisses angrily.
The jackal closely misses you. The jackal barely misses you. x2
The jackal completely misses you. The jackal bites you.
* * * LOW HITPOINT WARNING * * *
You feel a strong urge to attack something.
You feel your anger nearly subside.
You are no longer berserk.
You are exhausted.
You feel yourself slow down.
As you read the scroll labelled HONKOIMP BAPOE, it crumbles to dust.
Magic quickly surges around you.
It was a scroll of vulnerability.
The jackal bites you but does no damage.
The rat twitches its whiskers.
The jackal barely misses you.
The jackal bites you but does no damage.
The jackal bites you but does no damage.
The jackal bites you.
You die...

###.##....##.#..## ##)##
#...##....##.##..## ##...#
###.##.(..##.###..## ##.....
#.##.............####......
##########+#####..##....... #
########....###...##...... ..
#...............#..##.....
...##+######....#...##..##...#
.........# ##@###...# #..##.##
.........# #h# ##+#####..#'#
......†..# #h# ..[...#.##
.........####h# .(........
.......lKrh.r.# ......###.
........h###### ...... .
.........# ..... .##......#
..... #......# ....


You could see 3 jackals and a rat (weak-willed).

Vanquished Creatures
  2 dart slugs (D:1)
  A ball python (D:1)
  A bat (D:1)
  An endoplasm (D:1)
  2 goblins (D:1)
  A hobgoblin (D:1)
  3 jackals (D:1)
  A frilled lizard (D:1)
  7 rats (D:1)
19 creatures vanquished.

Notes
Turn   | Place    | Note
-------+----------+-------------------------------------------
     0 | D:1      | cbfl8 the Gargoyle Berserker began the quest for the Orb.
     0 | D:1      | Reached XP level 1. HP: 14/14 MP: 1/1
   321 | D:1      | Reached XP level 2. HP: 19/19 MP: 2/2
   347 | D:1      | Reached skill level 1 in Evocations
   493 | D:1      | Found a faded altar of an unknown god.
   626 | D:1      | Reached XP level 3. HP: 3/23 MP: 3/3
   636 | D:1      | Slain by a jackal

Illustrated notes

Levels and vault maps discovered:
D:1:      elethiomel_arrival_diamonds, layout_basic,
          shapermc_ecumenical_altar_venn, minmay_tripent

Skill      XL: |  1  2 |
---------------+-------+-----
Evocations     | 1 |  1.1
Fighting       | |  3.5
Maces & Flails | |  3.3
Armour         | |  2.5
Dodging        | |  1.5

Action                   || total
-------------------------++-------
Melee: Mace              ||    58
Invok: Berserk           ||     1
  Use: Scroll            ||     1
Armor: Animal skin       ||    44
Dodge: Dodged            ||    76
